 Dungeon Crawl Stone Soup version 0.16-a0-702-gf4f471d (webtiles) character file.

107 RobertPalmer the Sneak (level 4, 0/28 HPs)
             Began as an Octopode Artificer on Sept 20, 2014.
             Slain by an orc skeleton (3 damage)
             ... on Level 4 of the Dungeon.
             The game lasted 00:09:13 (3287 turns).

RobertPalmer the Sneak (Octopode Artificer)         Turns: 3287, Time: 00:09:13

HP   0/28        AC  1     Str 10      XL: 4   Next: 86%
MP   6/6         EV 12     Int 14      God:
Gold 140         SH  0     Dex 13      Spells:  0 memorised,  3 levels left

rFire  . . .     SeeInvis .     a - +1 dagger (holy)
rCold  . . .     Clarity  .     (no shield)
rNeg   . . .     rCorr    .     (helmet restricted)
rPois  .         rRot     .     (no amulet)
rElec  .         Spirit   .     (no ring)
SustAb .         Warding  .     (no ring)
rMut   .         Stasis   .     (no ring)
Gourm  .                        (no ring)
MR     .....                    (no ring)
                                (no ring)
                                (no ring)
                                (no ring)

@: not resistant to hostile enchantments, stealthy
A: almost no armour, amphibious, 8 rings, constrict 8, camouflage 1, gelatinous
body 1
a: no special abilities


You were on level 4 of the Dungeon.
You were not hungry.

You visited 1 branch of the dungeon, and saw 4 of its levels.

You collected 140 gold pieces.


Innate Abilities, Weirdness & Mutations

You cannot wear most types of armour.
You are amphibious.
You can wear up to eight rings at the same time.
You can use your tentacles to constrict many enemies at once.
Your skin changes colour to match your surroundings (Stealth).
Your rubbery body absorbs attacks (AC +1).


   Skills:
 - Level 1.0 Fighting
 - Level 1.0 Short Blades
 - Level 2.0 Dodging
 + Level 6.5 Stealth
 - Level 3.2 Evocations


You had 3 spell levels left.
You didn't know any spells.

Inventory:

Hand weapons
 a - a +1 dagger of holy wrath (weapon)
 y - a +0 short sword
Magical devices
 b - a wand of flame (11)
 c - a wand of enslavement (7)
 d - a wand of random effects (9)
Comestibles
 f - 2 bread rations
 g - a beef jerky
 i - a meat ration
 B - a slice of pizza
Scrolls
 e - a scroll of noise {!r}
 h - a scroll of identify
 k - a scroll of random uselessness {unknown}
 l - a scroll of amnesia {unknown}
 o - a scroll of enchant armour {unknown}
 x - a scroll of remove curse {unknown}
 z - a scroll of teleportation {unknown}
 A - a scroll of fear {unknown}
Jewellery
 t - a cursed ring of loudness
Potions
 j - a potion of flight {unknown}
 m - a potion of mutation {unknown}
 n - 2 potions of heal wounds {unknown}
 p - 3 potions of curing {unknown}
 q - 2 potions of magic {unknown}
 r - a potion of agility {unknown}
 s - 2 potions of resistance {unknown}
 u - a potion of confusion {unknown}
 w - a potion of brilliance {unknown}
Books
 C - a book of the Dragon

Dungeon Overview and Level Annotations

Branches:
Dungeon (4/15)             Temple (0/1) D:4

Altars:

Annotations:
D:4 PolkaDot's ghost, experienced DrTm

#.#.###.# #.# #.#.# #.#
####.#### #.#.###.#
##...§§..#### ##.#.....#
#...........#
.......#.#####..####§###.####
.#####..........##.§§§§P......
. ##...#####.#..§§§§§(####
#.[.# #O#Zw≈≈≈§≈§# #...#
#.@lb.≈≈≈..# #...#
####.≈..≈..## #...#
##..PP....# #...#
#>........###### #...#
.Z....#<....b..# ...
.##.l##.#.....# ... ... ...
##... . ..?>.


You could see a worm (inner flame), an ogre (inner flame), an iguana (inner
flame), a bat (inner flame) and an orc skeleton (inner flame).


Message History

You destroy the giant newt zombie!
The ogre shouts!
You hear an angry hiss.
An iguana comes into view.
An orc skeleton comes into view.
You barely miss the rat. You squeeze the rat.
You kill the rat!
The ogre hits you with a giant club!!
Ouch! That really hurt!
* * * LOW HITPOINT WARNING * * *
You see here a rat corpse.
Read which item? (? for menu, Esc to quit)
As you read the scroll labeled JESAXU LAHUKH, it crumbles to dust.
You hear a loud clanging noise!
It was a scroll of noise.
You hear a shout! x3
You hear a bark!
Read which item? (? for menu, Esc to quit)
As you read the scroll labeled GHO MUYLUOQY, it crumbles to dust.
It is a scroll of identify.
Identify which item? (\ to view known items) (? for menu, Esc to quit)
t - a cursed ring of loudness The iguana barely misses you.
The ogre barely misses you. The orc skeleton closely misses you.
Read which item? (? for menu, Esc to quit)
As you read the scroll labeled ECKYBRIFUM, it crumbles to dust.
The creatures around you are filled with an inner flame!
It was a scroll of immolation.
The iguana bites you.
* * * LOW HITPOINT WARNING * * *
The orc skeleton hits you.
You die...

Action                   |  1- 3 |  4- 6 || total
-------------------------+-------+-------++-------
Melee: Short sword       |    59 |       ||    59
       Dagger            |       |    53 ||    53
Evoke: Wand              |     7 |    11 ||    18
  Use: Scroll            |       |     3 ||     3
 Stab: Sleeping          |     6 |     6 ||    12
  Eat: Chunk             |     3 |     4 ||     7

Vault maps used:
D:1:      dpeg_arrival_three_same_balls
D:2:      roderic_chinese_pattern_swastika
D:3:      kennysheep_generic_room_14
D:4:      minmay_temple_entry_mist, serial_undead, serial_undead_a,
          serial_undead_f, serial_undead_f, serial_undead_b, uniq_edmund,
          uniq_menkaure

Notes
Turn   | Place    | Note
--------------------------------------------------------------
     0 | D:1      | RobertPalmer, the Octopode Artificer, began the quest for the Orb.
     0 | D:1      | Reached XP level 1. HP: 13/13 MP: 1/1
   143 | D:1      | Reached skill level 2 in Stealth
   486 | D:1      | Reached XP level 2. HP: 18/18 MP: 3/3
   685 | D:1      | Reached skill level 3 in Stealth
  1171 | D:2      | Reached skill level 4 in Stealth
  1171 | D:2      | Reached XP level 3. HP: 23/23 MP: 4/4
  1755 | D:2      | Reached skill level 5 in Stealth
  1912 | D:2      | Reached XP level 4. HP: 28/28 MP: 6/6
  2345 | D:3      | Reached skill level 6 in Stealth
  3107 | D:4      | Noticed an ogre
  3141 | D:4      | Noticed PolkaDot's ghost (experienced DrTm)
  3142 | D:4      | Noticed a phantom
  3248 | D:4      | Found a staircase to the Ecumenical Temple.
  3287 | D:4      | Slain by an orc skeleton

Vanquished Creatures
  A gnoll (D:2)
  5 adders
  2 worms (D:2)
  A giant gecko (D:2)
  An orc (D:3)
  3 giant cockroaches
  7 goblins
  6 hobgoblins
  3 jackals (D:3)
  3 kobolds
  A ball python (D:3)
  6 bats
  6 giant newts
  A giant newt zombie (D:4)
  A goblin skeleton (D:4)
  2 quokkas
  9 rats
58 creatures vanquished.
